Map: Prion Terraces

Players

CalebAracous - Winner!

  • Race: Zerg Zerg
  • League: Grandmaster

EJK

  • Race: Terran Terran
  • League: Grandmaster

VOD

Have the link to the VOD?

Description

Time

  • Played on: Feb. 10, 2016, 4:40 p.m.
  • Length: 10:39
Show
View Real Time Build Order
Export as new Build Order

CalebAracous Zerg - Winner!

Build Orders: Hatch First, Lurkers 

Get SALT Encoding   

  12  0:01  Drone  
  13  0:14  Overlord  
  13  0:18  Drone  
  14  0:33  Drone x2  
  16  0:37  Drone  
  17  0:52  Hatchery  
  17  0:55  Drone  
  17  0:58  Drone  
  18  1:09  Extractor  
  17  1:13  Spawning Pool  
  16  1:19  Drone  
  16  1:24  Drone  
  19  1:32  Drone  
  19  1:41  Overlord  
  19  1:54  Drone  
  20  2:02  Queen  
  20  2:03  Queen  
  20  2:04  Zergling x4  
  26  2:12  Metabolic Boost  
  26  2:13  Drone  
  27  2:16  Drone  
  28  2:27  Drone x2  
  30  2:37  Extractor  
  30  2:38  Overlord, Drone  
  30  2:39  Queen  
  32  2:48  Drone  
  32  2:49  Drone  
  32  2:55  Drone  
  32  2:58  Lair  
  33  3:07  Drone x2  
  35  3:16  Drone x2  
  35  3:17  Extractor, Overlord  
  36  3:24  Overlord  
  36  3:26  Drone x2  
  38  3:28  Zergling x2  
  38  3:32  Drone  
  38  3:33  Drone  
  41  3:38  Queen  
  43  4:03  Drone x2  
  43  4:04  Hydralisk Den  
  43  4:05  Queen  
  43  4:07  Zergling x2  
  47  4:13  Drone x6  
  47  4:15  Queen  
  47  4:16  Extractor  
  54  4:21  Overlord  
  53  4:31  Drone  
  54  4:32  Lurker Den  
  54  4:39  Overseer  
  54  4:43  Queen  
  56  4:50  Overlord  
  56  4:51  Overlord x2  
  56  4:54  Queen  
  58  5:08  Hydralisk x6  
  58  5:10  Hydralisk  
  72  5:21  Queen  
  74  5:28  Overlord  
  74  5:30  Queen  
  74  5:31  Overlord  
  76  5:56  Queen  
  78  6:01  Lurker x6  
  78  6:02  Hydralisk x2, Lurker  
  89  6:06  Hatchery  
  89  6:10  Queen  
  90  6:18  Drone x2  
  90  6:19  Evolution Chamber  
  90  6:21  Evolution Chamber, Roach Warren  
  70  6:53  Lurker  
  71  7:00  Zerg Ground Armor Level 1, Zerg Missile Weapons Level 1, Glial Reconstitution  
  71  7:07  Lurker  
  72  7:10  Drone  
  72  7:11  Drone x15  
  72  7:12  Overlord x2  
  88  7:24  Infestation Pit  
  87  7:33  Queen  
  87  7:35  Overlord  
  87  7:36  Overlord  
  89  7:37  Extractor  
  89  7:39  Extractor  
  89  7:43  Roach x3  
  89  7:44  Roach x3  
  99  7:50  Roach x2  
  99  7:51  Roach x2  
  100  8:18  Drone  
  100  8:19  Hive, Drone x3  
  104  8:20  Overlord x2  
  101  8:39  Roach  
  101  8:40  Roach x13  
  129  8:46  Ravager x6  
  135  8:55  Drone x4  
  138  8:57  Overlord x2  
  139  9:06  Ravager x4  
  143  9:21  Hatchery  
  142  9:26  Roach  
  142  9:27  Roach x4  
  100  9:53  Roach x2  
  100  9:54  Roach x10  
  110  10:07  Roach  
  110  10:08  Roach x4  
  110  10:12  Ravager x3  
  123  10:14  Roach  
  123  10:19  Roach x2  
  129  10:22  Ravager x3  
Show
View Real Time Build Order
Export as new Build Order

EJK Terran 

Build Orders: Reaper Expand, Mech 

Get SALT Encoding   

  12  0:00  SCV  
  13  0:13  SCV  
  14  0:24  Supply Depot  
  14  0:25  SCV  
  15  0:45  SCV  
  15  0:46  Refinery, Barracks  
  16  0:57  SCV  
  17  1:09  SCV  
  18  1:21  SCV  
  19  1:35  Orbital Command  
  19  1:36  Reaper  
  20  1:41  Command Center  
  20  1:49  Supply Depot  
  20  2:00  SCV  
  20  2:01  Refinery  
  21  2:08  Reaper  
  22  2:12  SCV  
  23  2:24  SCV  
  23  2:27  Factory  
  24  2:37  SCV  
  25  2:47  Barracks Reactor  
  25  2:49  SCV  
  26  2:55  Orbital Command  
  26  3:01  SCV  
  27  3:11  Factory Tech Lab, Starport  
  27  3:16  Supply Depot  
  27  3:17  Supply Depot, Bunker  
  27  3:20  SCV  
  27  3:21  SCV  
  27  3:25  Marine x2  
  31  3:29  Siege Tank  
  31  3:32  SCV  
  31  3:33  SCV  
  36  3:43  Marine x2  
  36  3:46  SCV x2  
  40  3:53  Medivac  
  42  3:58  SCV  
  42  3:59  SCV  
  43  4:04  Command Center  
  43  4:08  Siege Tank  
  46  4:11  Refinery  
  46  4:12  Refinery  
  46  4:13  SCV x2  
  48  4:26  SCV x2  
  49  4:44  SCV x2  
  51  4:46  Engineering Bay  
  51  4:49  Starport Reactor  
  51  4:53  Supply Depot x2, Hellion x2  
  51  4:56  SCV  
  51  4:57  SCV  
  57  5:00  Barracks Tech Lab  
  57  5:01  Factory  
  57  5:02  Factory  
  57  5:08  SCV  
  57  5:09  Liberator, SCV  
  57  5:11  Liberator  
  59  5:15  Hellion x2  
  59  5:16  Orbital Command  
  63  5:22  SCV x2  
  71  5:32  Missile Turret  
  71  5:37  Orbital Command  
  71  5:40  Missile Turret  
  71  5:43  Missile Turret  
  71  5:55  Missile Turret, SCV x2  
  73  6:00  Missile Turret  
  73  6:01  Missile Turret, Cyclone x2  
  73  6:02  Hellion x2  
  73  6:03  SCV  
  84  6:06  Liberator  
  84  6:07  SCV  
  84  6:11  SCV  
  84  6:16  SCV  
  86  6:19  SCV  
  90  6:26  SCV  
  90  6:28  SCV  
  90  6:32  SCV  
  90  6:33  Siege Tank  
  90  6:35  Siege Tank  
  90  6:38  SCV  
  83  6:40  SCV  
  83  6:45  SCV  
  76  6:49  Liberator  
  76  6:50  SCV  
  76  6:51  Hellion  
  76  6:52  Hellion  
  68  7:04  Missile Turret  
  68  7:05  Siege Tank, Orbital Command  
  68  7:07  Siege Tank  
  77  7:11  Liberator  
  77  7:12  Missile Turret  
  77  7:13  Hellion x2  
  81  7:15  Missile Turret  
  81  7:22  Missile Turret x2  
  82  7:34  Hellion x2  
  86  7:37  Siege Tank  
  86  7:38  SCV x2  
  91  7:56  Hellion  
  93  8:08  Siege Tank  
  93  8:24  Orbital Command  
  93  8:31  Armory  
  93  8:36  Command Center  
  93  8:41  Hellion, Refinery  
  93  8:42  Refinery, Siege Tank  
  93  8:57  Supply Depot x2  
  93  8:59  Supply Depot  
  93  9:10  SCV x2  
  93  9:12  Siege Tank  
  93  9:17  Viking x2, SCV  
  98  9:24  Siege Tank  
  98  9:25  Supply Depot, Hellion x2  
  98  9:27  Supply Depot  
  98  9:28  Supply Depot, Sensor Tower  
  76  9:50  SCV x3  
  76  9:51  Siege Tank  
  76  9:52  Hellion x2  
  72  9:55  SCV  
  72  9:57  Siege Tank  
  69  10:02  SCV x2  
  69  10:06  SCV  
  72  10:07  SCV  
  79  10:14  SCV x2  
  79  10:18  SCV  
  79  10:19  SCV  
  83  10:21  Refinery  
  83  10:26  SCV  
  83  10:27  SCV  
Tags
 
Add a new tag
Caveats
  • Supply blocks, unpowered buildings, or Contaminate may cause inaccurate times.
  • Supply counts are checked every 10 seconds.